 Dungeon Crawl Stone Soup version 0.29.1-15-g9cfb28693d (webtiles) character file.

Game seed: 2808746451877116993

154 Arctor the Firebug (level 5, 0/28 HPs)
             Began as a Gargoyle Fire Elementalist on Feb 26, 2023.
             Killed from afar by Natasha (10 damage)
             ... with a puff of flame
             ... on level 3 of the Dungeon.
             The game lasted 00:05:03 (4073 turns).

Arctor the Firebug (Gargoyle Fire Elementalist)     Turns: 4073, Time: 00:05:03

Health: 0/28       AC:  6    Str: 12    XL:     5   Next: 35%
Magic:  1/9        EV: 12    Int: 17    God:
Gold:   154        SH:  0    Dex: 10    Spells: 8/9 levels left

rFire   . . .      SeeInvis .   (no weapon)
rCold   . . .      Faith    .   (no shield)
rNeg    + . .      Spirit   .   a - +0 robe
rPois   ∞          Reflect  .   (no helmet)
rElec   +          Harm     .   (no cloak)
rCorr   .          Rampage  .   (no gloves)
Will    .....                   (no boots)
Stlth   ++........              (no amulet)
HPRegen 0.09/turn               (no ring)
MPRegen 0.11/turn               (no ring)

@: studying Translocations
A: sickness immunity, AC +4, negative energy resistance 1, electricity
resistance, torment resistance 1, petrification resistance
a: no special abilities


You were on level 3 of the Dungeon.
You visited 1 branch of the dungeon, and saw 3 of its levels.

You collected 154 gold pieces.

Inventory:

Armour
 a - a +0 robe (worn)
Wands
 n - a wand of paralysis (11)
Scrolls
 d - 3 scrolls of identify
 e - 2 scrolls of teleportation
 f - a scroll of fog {unknown}
 k - a scroll of poison {unknown}
Potions
 c - 4 potions of heal wounds {unknown}
 g - a potion of resistance {unknown}
 h - a potion of berserk rage {unknown}
 i - a potion of brilliance {unknown}
 j - a potion of mutation {unknown}
 l - a potion of ambrosia {unknown}
 m - 2 potions of flight {unknown}
 o - a potion of curing {unknown}


   Skills:
 + Level 2.3 Dodging
 + Level 3.1 Stealth
 + Level 2.6 Spellcasting
 + Level 2.4 Conjurations
 + Level 2.4 Translocations
 + Level 3.5 Fire Magic


You had 8 spell levels left.
You knew the following spells:

 Your Spells              Type           Power      Damage    Failure   Level
a - Foxfire               Conj/Fire      48%        2x1d6     5%          1

Your spell library contained the following spells:

 Spells                   Type           Power      Damage    Failure   Level
 Scorch                   Fire           28%        2d6       6%          2
 Conjure Flame            Conj/Fire      12%        6-21      16%         3
 Wereblood                Tmut           2%         N/A       26%         2
 Inner Flame              Hex/Fire       8%         N/A       26%         3
 Portal Projectile        Hex/Tloc       12%        N/A       32%         3
 Flame Wave               Conj/Fire      12%        2d6       45%         4
 Tukima's Dance           Hex            2%         N/A       47%         3
 Blade Hands              Tmut           1%         N/A       99%         5
 Summon Hydra             Summ           1%         N/A       100%        7
 Sublimation of Blood     Necr           Unusable   N/A       N/A         2

Dungeon Overview and Level Annotations

Branches:
Dungeon (3/15)

Altars:

Annotations:
D:3 Natasha


Innate Abilities, Weirdness & Mutations

You are immune to sickness and miasma.
Your stone body is resilient. (AC +4)
You are immune to poison.
You resist negative energy. (rN+)
You are resistant to electric shocks. (rElec)
You are resistant to unholy torment.
You are immune to petrification.


Message History

The phantom closely misses you.
You hit the phantom.
The phantom is moderately damaged.
Natasha mumbles some strange words.
The phantom hits you but does no damage.
You barely miss the phantom.
The phantom is moderately damaged.
The phantom hits you.
The phantom blinks!
You blink.
Casting: Foxfire (safe; 5% risk of failure)
Confirm with . or Enter, or press ? or * to list all spells.
You conjure some foxfire!
The phantom hits you but does no damage.
The foxfire hits Natasha.
Natasha is moderately wounded.
Casting: Foxfire (safe; 5% risk of failure)
Confirm with . or Enter, or press ? or * to list all spells.
You conjure some foxfire!
The foxfire hits the phantom.
The phantom is heavily damaged.
The foxfire hits Natasha.
Natasha is heavily wounded.
The phantom hits you.
The phantom blinks!
You blink.
Casting: Foxfire (safe; 5% risk of failure)
Confirm with . or Enter, or press ? or * to list all spells.
You don't know that spell.
Casting: Foxfire (safe; 5% risk of failure)
Confirm with . or Enter, or press ? or * to list all spells.
You conjure some foxfire!
The phantom misses you.
The foxfire hits the phantom.
The phantom is heavily damaged.
You hit the phantom but do no damage.
The phantom is heavily damaged.
The phantom hits you.
It was a potion of cancellation.
You feel magically purged. The phantom hits you.
The phantom blinks!
You blink.
The crimson imp blinks!
As you read the scroll labelled EFEBUTHIEQ, it crumbles to dust.
It is a scroll of identify.
e - 2 scrolls of teleportation The foxfire hits the phantom but does no damage.
The phantom is heavily damaged.
Natasha zaps a wand.
The puff of flame hits you!
You die...

#...........#.#[
#...........#.#.
#...........#.##
#...........#.##
###...........#.##
#§#...........#.##
#.#...........#.##
#W#...........#..#
#@#...........#.##
#.#...............
#h#..........##.##
###5#######.....#.##
+...................
###.#######.#.#.....
#.# #.#.#.#.## #§#
#.#.#.#.# #.#
#.#...#


You could see a phantom, Natasha and a crimson imp (summoned).

Vanquished Creatures
  Terence (D:3)
  Natasha (D:3)
  5 adders
  A worm (D:2)
  2 dart slugs
  An orc (D:2)
  6 endoplasms
  2 goblins
  8 hobgoblins
  A quokka (D:3)
  6 ball pythons
  5 bats
  4 frilled lizards (D:1)
  4 kobolds
  7 rats
54 creatures vanquished.

Vanquished Creatures (others)
  3 demonic plants (D:1)
  219 foxfires
  6 fungi (D:1)
  2 plants (D:1)
230 creatures vanquished.

Grand Total: 284 creatures vanquished

Notes
Turn   | Place    | Note
-------+----------+-------------------------------------------
     0 | D:1      | Arctor the Gargoyle Fire Elementalist began the quest for
                  | the Orb.
     0 | D:1      | Reached XP level 1. HP: 10/10 MP: 3/3
   235 | D:1      | Found a faded altar of an unknown god.
   260 | D:1      | Reached XP level 2. HP: 15/15 MP: 1/5
   970 | D:1      | Reached skill level 1 in Translocations
  1091 | D:1      | Reached XP level 3. HP: 19/19 MP: 4/6
  1669 | D:2      | Identified the +4 ring mail of Lommuzy {rPois Slay+6}
  2122 | D:2      | Reached XP level 4. HP: 19/24 MP: 2/7
  3112 | D:3      | Noticed Terence
  3163 | D:3      | Killed Terence
  3164 | D:3      | Reached XP level 5. HP: 6/28 MP: 5/8
  3588 | D:3      | Noticed Natasha
  3593 | D:3      | Killed Natasha
  4058 | D:3      | Noticed a phantom
  4058 | D:3      | Noticed Natasha
  4073 | D:3      | Killed from afar by Natasha

Illustrated notes

Levels and vault maps discovered:
D:1:      tarquinn_simple_flora_water_b, layout_basic,
          shapermc_ecumenical_altar_gd
D:2:      kb_forest_paths, layout_basic, minmay_tripent
D:3:      layout_basic, lightli_corner_chamber, uniq_terence, uniq_ijyb,
          uniq_natasha

Skill      XL: |  1  2  3  4 |
---------------+-------------+-----
Translocations | 1 2 |  2.4
Dodging        | 2 |  2.3
Conjurations   | 2 |  2.4
Stealth        | 3 |  3.1
Spellcasting   | |  2.6
Fire Magic     | |  3.5

Action                   |  1- 3 |  4- 6 || total
-------------------------+-------+-------++-------
Melee: Unarmed           |    53 |    17 ||    70
 Cast: Foxfire           |    87 |    68 ||   155
  Use: Potion            |       |     3 ||     3
       Scroll            |       |     1 ||     1
 Stab: Sleeping          |     1 |       ||     1
Armor: Robe              |    39 |    11 ||    50
Dodge: Dodged            |    69 |    32 ||   101
